cohdb
Replays
Latest Replays
All Replays
Popular Replays
Top Player Replays
Match Explorer
How It Works
Community
CoH3 Stats
Reddit
Sign in to upload your games and track your stats! →
Sign in with Steam
Match 42644085
Unlisted
Match 42644085
Overview
Messages
Build Orders
End
Kradschützen Motorcycle Team
Panzerpioneer Squad
Panzergrenadier Squad
Construct Light Support Kompanie
Assault Grenadier Squad
Fire Support Elements
Veteran Squad Leaders
Panzerjäger Mechanized Group
Pak 38 Anti-tank Gun Team
Construct Panzerarmee Kommand
Panzer III L Medium Tank
Armored Reserves
MG34 Team
Panzer IV Assault Group
Emergency Repair Kits
Vehicle Survival Package
2.5-tonne Medical Truck
Tiger Heavy Tank
Rapid Advance
Construct Mechanized Kompanie
Selects Armored Support Battlegroup
Selects Salvage Kits
Selects Panzer Storm
Selects Stuka Anti-tank Loiter
Stuka Anti-tank Loiter
Funky Ayylien
ConcernedApe
syaqattack
Surveillance-Buoy 2
0
0
Comments
sign in to comment!
No comments posted yet!